 Dungeon Crawl Stone Soup version 0.22-a0-618-gd6a3efe (webtiles) character file.

88 Gildeon the Shooter (level 4, 0/38 HPs)
             Began as a Minotaur Hunter on July 13, 2018.
             Slain by a gnoll
             ... wielding a +0 spear
              (2 damage)
             ... on level 2 of the Dungeon.
             The game lasted 00:07:47 (892 turns).

Gildeon the Shooter (Minotaur Hunter)                Turns: 892, Time: 00:07:48

Health: 0/38       AC:  6    Str: 17    XL:     4   Next: 30%
Magic:  3/3        EV: 12    Int:  9    God:
Gold:   57         SH:  0    Dex: 10    Spells: 3/3 levels left

rFire    . . .     SeeInvis .   a - +1 shortbow
rCold    . . .     Gourm    .   (shield currently unavailable)
rNeg     . . .     Faith    .   c - +3 leather armour
rPois    .         Spirit   .   (helmet restricted)
rElec    .         Reflect  .   (no cloak)
rCorr    .         Harm     .   (no gloves)
MR       .....                  (no boots)
Stlth    +.........             (no amulet)
HPRegen  0.12/turn              (no ring)
MPRegen  0.08/turn              (no ring)

@: no status effects
A: retaliatory headbutt, horns 2
a: no special abilities


You were on level 2 of the Dungeon.
You were not hungry.

You visited 1 branch of the dungeon, and saw 2 of its levels.

You collected 57 gold pieces.

Inventory:

Hand Weapons
 a - a +1 shortbow (weapon)
 i - a +0 club
Missiles
 d - 4 arrows (quivered)
Armour
 c - a +3 leather armour (worn)
Scrolls
 b - a scroll of remove curse
Potions
 k - 2 potions of brilliance
Comestibles
 f - 3 rations
 g - 9 chunks of flesh


   Skills:
 + Level 3.4 Fighting
 * Level 5.5 Bows
 + Level 3.1 Dodging
 - Level 0.7 Stealth


You had 3 spell levels left.
You didn't know any spells.
Your spell library was empty.

Dungeon Overview and Level Annotations

Branches:
Dungeon (2/15)

Altars:
Kikubaaqudgha


Innate Abilities, Weirdness & Mutations

You reflexively headbutt those who attack you in melee.
You have a pair of horns on your head.


Message History

Firing (i - inventory)
d - 6 arrows (quivered)
Press: ? - help, Shift-Dir - straight line, f/p - gnoll
Aim: a gnoll, wielding a flail (lightly wounded)
You shoot an arrow. The arrow hits the gnoll!
You kill the gnoll!
The gnoll hits you from afar with a spear!
The gnoll hits you from afar with a spear!
* * * LOW HITPOINT WARNING * * *
Firing (i - inventory)
d - 5 arrows (quivered)
Press: ? - help, Shift-Dir - straight line, f - gnoll
Aim: a gnoll, wielding a spear You shoot an arrow.
The arrow closely misses the gnoll.
The gnoll hits you from afar with a spear.
* * * LOW HITPOINT WARNING * * *
Okay, then.
Okay, then.
As you read the scroll of identify, it crumbles to dust.
b - a scroll of remove curse The gnoll hits you from afar with a spear.
You die...

.....#
##.##################
#.###.......).....(# #
#.<...######.##.##(#.#
####### #.# ##.#. #.#
.(. #.# #.# #.#####(#
#...@.g(# #########


You could see a gnoll.

Vanquished Creatures
  4 gnolls
  An adder (D:1)
  A dart slug (D:1)
  A leopard gecko (D:1)
  4 bats (D:1)
  2 giant cockroaches (D:1)
  5 goblins
  2 hobgoblins
  7 jackals
  4 kobolds (D:1)
  3 frilled lizards (D:1)
  3 rats (D:1)
37 creatures vanquished.

Notes
Turn   | Place    | Note
-------+----------+-------------------------------------------
     0 | D:1      | Gildeon the Minotaur Hunter began the quest for the Orb.
     0 | D:1      | Reached XP level 1. HP: 18/18 MP: 0/0
   130 | D:1      | Reached XP level 2. HP: 25/25 MP: 1/1
   296 | D:1      | Reached skill level 5 in Bows
   296 | D:1      | Reached XP level 3. HP: 29/31 MP: 2/2
   757 | D:2      | Found an ancient bone altar of Kikubaaqudgha.
   882 | D:2      | Reached XP level 4. HP: 38/38 MP: 3/3
   892 | D:2      | Slain by a gnoll

Vault maps used:
D:1:      co_arrival_random_square_maze
D:2:      overflow_temple_1_default, xom_teletrap_fun, uniq_terence

Skill      XL: |  1  2  3 |
---------------+----------+-----
Fighting       | 3 |  3.4
Bows           | 5 |  5.5
Dodging        | 3 |  3.1
Stealth        | |  0.7

Action                   |  1- 3 |  4- 6 || total
-------------------------+-------+-------++-------
 Fire: Shortbow          |    64 |     6 ||    70
  Use: Scroll            |     6 |     1 ||     7
Armor: Leather armour    |    11 |       ||    11
Dodge: Dodged            |    28 |     1 ||    29

Table legend:
 A = Spawn XP
 B = Non-spawn XP
 C = Spawn XP percentage of total XP
 D = Spawn monster count
 E = Non-spawn monster count
 F = Spawn count percentage of total count
 G = Total turns spent on level
                    A         B        C        D         E        F      G
               +---------+---------+-------+---------+---------+-------+---------
         Total |       0 |     127 |   0.0 |       0 |      37 |   0.0 |   892
               +---------+---------+-------+---------+---------+-------+---------
           D:1 |       0 |      76 |   0.0 |       0 |      30 |   0.0 |   791
           D:2 |       0 |      51 |   0.0 |       0 |       7 |   0.0 |   101
               +---------+---------+-------+---------+---------+-------+---------
